[Event "TUR-ch Veterans 2019"]
[Site "Belek"]
[Date "2019.01.26"]
[Round "7.14"]
[White "Bapoglu, Ibrahim"]
[Black "Muratoglu, Salih"]
[Result "1/2-1/2"]
[ECO "B07"]
[WhiteElo "1549"]
[BlackElo "1950"]
[Annotator "NA"]
[PlyCount "72"]
[EventDate "2019.01.20"]
[EventType "swiss"]
[EventCountry "TUR"]
[SourceTitle "playchess.com"]
[Source "ChessBase"]
[SourceQuality "1"]
[TimeControl "5400+30"]

1. e4 d6 2. d4 g6 3. Nc3 Bg7 4. Be3 Nf6 5. f3 a6 6. Qd2 {[%emt 0:00:30] B07: Pirc Defence: Miscellaneous Systems} b5 7. a3 {[%emt 0:00:30] LiveBook: 3 Games} (7. O-O-O Nbd7 8. Bh6 Bxh6 9. Qxh6 b4 10. Nce2 e5 11. dxe5 dxe5 12. Kb1 Qe7 13. Nc1 Qf8 14. Qh4 Qe7 15. Qh6 Qf8 16. Qe3 Qc5 17. Qh6 {½-½ (17) Grischuk,A (2737)-Dubov,D (2660) Doha 2016}) 7... Nc6 8. Bd3 e5 $146 ({Predecessor:} 8... Bb7 9. Nge2 Nd7 10. Nd1 Na7 11. O-O c5 12. c3 Nc6 13. Nf2 Na5 {½-½ (39) Brandstaetter,M (1675)-Vladov,M Mecklenburg VP 2003}) 9. Nge2 (9. d5 $5 Ne7 10. Nge2 $14) 9... Rb8 10. d5 Ne7 11. b4 c6 12. dxc6 Nxc6 13. Rd1 O-O 14. O-O Be6 15. Ng3 Qc7 16. h3 h5 ({Black should try} 16... Rfc8 $15) 17. Bg5 Rbc8 18. Nce2 Nh7 19. Bh6 h4 20. Bxg7 Kxg7 21. Nh1 f5 22. Nf2 Rfd8 23. Qe1 d5 24. Kh1 Qe7 25. Rb1 (25. exf5 $11 {keeps the balance.} gxf5 26. a4) 25... Nf6 26. Qc1 (26. a4 $15) 26... Nh5 (26... dxe4 $19 27. fxe4 f4) 27. Kh2 (27. exd5 $17 Bxd5 28. Re1) 27... Nd4 $2 (27... dxe4 $19 28. fxe4 f4) 28. Nxd4 $1 exd4 29. e5 Rc3 30. Nd1 $11 Rc6 31. f4 Rdc8 32. Qd2 Qc7 33. Qf2 g5 34. Qxd4 Nxf4 35. Rxf4 gxf4 36. Qxf4 Rc4 1/2-1/2

[Event "TUR-ch Veterans 2019"]
[Site "Belek"]
[Date "2019.01.26"]
[Round "7.15"]
[White "Topaloglu, Hayati"]
[Black "Tekeli, Savran"]
[Result "1-0"]
[ECO "C16"]
[WhiteElo "1740"]
[BlackElo "1478"]
[Annotator "NA"]
[PlyCount "95"]
[EventDate "2019.01.20"]
[EventType "swiss"]
[EventCountry "TUR"]
[SourceTitle "playchess.com"]
[Source "ChessBase"]
[SourceQuality "1"]
[TimeControl "5400+30"]

1. e4 e6 2. d4 d5 3. Nc3 Bb4 4. e5 f6 5. f4 c5 6. Nf3 Nc6 7. a3 Bxc3+ 8. bxc3 c4 9. Nh4 g6 10. g3 Nh6 11. Nf3 O-O 12. h4 Nf5 13. g4 Ng3 14. Rh3 Ne4 15. Bd2 Qa5 16. Ng1 fxe5 17. dxe5 b5 18. Bg2 Nxd2 19. Qxd2 Ne7 20. Nf3 Bd7 21. Ke2 Rad8 22. h5 Kg7 23. Rah1 Rh8 24. h6+ Kf8 25. Nd4 Nc6 26. Nxc6 Bxc6 27. f5 Rg8 28. fxe6 Qxa3 29. Rf1+ Ke7 30. Qg5+ Kxe6 31. Rf6+ Kd7 32. Rf7+ Kc8 33. Rxh7 Rd7 34. Rxd7 Kxd7 35. h7 Rh8 36. Qxg6 Qe7 37. Qf5+ Kc7 38. Rh6 Bd7 39. e6 Bc6 40. Qe5+ Kb6 41. Qxh8 Qg5 42. Qf6 Qc1 43. Qd4+ Kb7 44. h8=Q Qxc2+ 45. Kf1 Qc1+ 46. Kf2 Ka6 47. Rh7 Bb7 48. Qhg7 1-0

[Event "TUR-ch Veterans 2019"]
[Site "Belek"]
[Date "2019.01.26"]
[Round "7.16"]
[White "Akinci, Ahmet"]
[Black "Yilmaz, Huseyin"]
[Result "0-1"]
[ECO "A40"]
[WhiteElo "1402"]
[BlackElo "1321"]
[Annotator "NA"]
[PlyCount "68"]
[EventDate "2019.01.20"]
[EventType "swiss"]
[EventCountry "TUR"]
[SourceTitle "playchess.com"]
[Source "ChessBase"]
[SourceQuality "1"]
[TimeControl "5400+30"]

1. d4 g6 2. e4 Bg7 3. c4 e5 4. Be3 d6 5. Nf3 Ne7 6. dxe5 O-O 7. Bg5 h6 8. Bh4 g5 9. Bg3 f5 10. exf6 Bxf6 11. Nc3 Bg4 12. e5 Bg7 13. Qb3 Nbc6 14. Be2 Bxf3 15. Bxf3 Nd4 16. Qd1 dxe5 17. Be4 c6 18. Bb1 Qe8 19. Qd3 Ndf5 20. O-O Rd8 21. Qe2 Ng6 22. c5 Nf4 23. Bxf4 exf4 24. Qg4 Qf7 25. Bc2 Rd2 26. Bb3 Rd5 27. Nxd5 cxd5 28. Rad1 Rd8 29. Rfe1 Kh8 30. Bc2 Nd4 31. Bb1 f3 32. Rxd4 fxg2 33. Rd3 Rf8 34. Ree3 Qxf2# 0-1

[Event "TUR-ch Veterans 2019"]
[Site "Belek"]
[Date "2019.01.26"]
[Round "7.17"]
[White "Buyukgokcesu, Tahir Sami"]
[Black "Altin, Halis"]
[Result "1-0"]
[ECO "C44"]
[WhiteElo "1557"]
[BlackElo "1642"]
[Annotator "NA"]
[PlyCount "94"]
[EventDate "2019.01.20"]
[EventType "swiss"]
[EventCountry "TUR"]
[SourceTitle "playchess.com"]
[Source "ChessBase"]
[SourceQuality "1"]
[TimeControl "5400+30"]

1. Nf3 Nc6 2. d3 e5 3. e4 Nf6 4. Be2 d5 5. Nbd2 Bc5 6. O-O O-O 7. c3 dxe4 8. dxe4 Qe7 9. Qc2 Bg4 10. a4 a5 11. Nc4 Rfd8 12. Be3 Bxe3 13. Nxe3 Rd7 14. Nxg4 Nxg4 15. Rad1 Rad8 16. Qb3 Rxd1 17. Rxd1 Rxd1+ 18. Bxd1 Qc5 19. Qc2 Nd8 20. Qd2 Ne6 21. Bc2 h6 22. g3 Qd6 23. Qd5 Qb6 24. Qd2 Qxb2 25. h3 Nf6 26. Nxe5 Qb6 27. Kg2 Kf8 28. f3 Ke7 29. Nc4 Qc5 30. Ne3 g6 31. Nd5+ Nxd5 32. exd5 Qd6 33. c4 b6 34. Qe2 g5 35. dxe6 fxe6 36. Qd3 Qxd3 37. Bxd3 Kd6 38. Kf2 Kc5 39. Ke3 Kb4 40. Kd2 Kxa4 41. Kc3 c6 42. f4 gxf4 43. gxf4 b5 44. Be4 b4+ 45. Kb2 b3 46. Bxc6+ Kb4 47. Be4 Ka4 1-0

[Event "TUR-ch Veterans 2019"]
[Site "Belek"]
[Date "2019.01.26"]
[Round "7.18"]
[White "Ersoz, Celalettin"]
[Black "Alkan, Sukru"]
[Result "1/2-1/2"]
[ECO "D46"]
[WhiteElo "1261"]
[BlackElo "1484"]
[Annotator "NA"]
[PlyCount "68"]
[EventDate "2019.01.20"]
[EventType "swiss"]
[EventCountry "TUR"]
[SourceTitle "playchess.com"]
[Source "ChessBase"]
[SourceQuality "1"]
[TimeControl "5400+30"]

1. d4 d5 2. Nf3 Nf6 3. c4 c6 4. Nc3 e6 5. e3 Bd6 6. Bd3 Nbd7 7. O-O O-O 8. e4 dxe4 9. Nxe4 Nxe4 10. Bxe4 h6 11. b3 e5 12. dxe5 Nxe5 13. Nxe5 Bxe5 14. Rb1 Qh4 15. f4 Bc7 16. Qc2 Re8 17. g3 Qe7 18. Bf3 Qc5+ 19. Qf2 Qxf2+ 20. Kxf2 Bh3 21. Re1 Rxe1 22. Kxe1 Bf5 23. Rb2 Bb6 24. Kf1 Bd4 25. Rd2 Bc3 26. Rd1 Bh3+ 27. Kg1 Re8 28. Ba3 Re6 29. Bc5 b6 30. Bf2 Bb4 31. Rd8+ Kh7 32. Ra8 Re7 33. Bxc6 a5 34. Bd5 Re2 1/2-1/2

[Event "TUR-ch Veterans 2019"]
[Site "Belek"]
[Date "2019.01.26"]
[Round "7.19"]
[White "Bagci, Hikmet"]
[Black "Suzan, Mehmet"]
[Result "1-0"]
[ECO "B90"]
[WhiteElo "1548"]
[BlackElo "1501"]
[Annotator "NA"]
[PlyCount "105"]
[EventDate "2019.01.20"]
[EventType "swiss"]
[EventCountry "TUR"]
[SourceTitle "playchess.com"]
[Source "ChessBase"]
[SourceQuality "1"]
[TimeControl "5400+30"]

1. e4 c5 2. Nf3 d6 3. d4 cxd4 4. Nxd4 Nf6 5. Nc3 a6 6. Be3 e5 7. Nb3 Be6 8. f3 Be7 9. Qd2 O-O 10. g4 b5 11. O-O-O Nbd7 12. g5 Nh5 13. Rg1 Nb6 14. Kb1 b4 15. Nd5 Nxd5 16. exd5 Bf5 17. Qxb4 Qc7 18. Bd3 Rfb8 19. Qa3 Bxd3 20. Rxd3 a5 21. Rg4 Nf4 22. Bxf4 exf4 23. h4 Rc8 24. Nd4 f6 25. Nc6 Re8 26. Qc3 fxg5 27. hxg5 Rf8 28. Rd1 Rf5 29. Qe1 Bxg5 30. Qe6+ Qf7 31. Qxd6 h5 32. Rg2 Bf6 33. Re2 h4 34. Ne7+ Bxe7 35. Rxe7 Qf6 36. Qd7 Rb8 37. Re8+ Rxe8 38. Qxe8+ Qf8 39. Qe6+ Qf7 40. Qc8+ Qf8 41. Qc7 h3 42. d6 h2 43. d7 h1=Q 44. Qc4+ Rf7 45. Rxh1 Qd8 46. Rd1 g6 47. Qe6 Kg7 48. Rd6 Kf8 49. Qxg6 Rg7 50. Qf5+ Kg8 51. Qe6+ Kh7 52. Rd1 Re7 53. Qxe7+ 1-0

[Event "TUR-ch Veterans 2019"]
[Site "Belek"]
[Date "2019.01.26"]
[Round "7.20"]
[White "Saglam, Sami"]
[Black "Cifci, Alaettin"]
[Result "0-1"]
[ECO "B46"]
[WhiteElo "1424"]
[BlackElo "1294"]
[Annotator "NA"]
[PlyCount "52"]
[EventDate "2019.01.20"]
[EventType "swiss"]
[EventCountry "TUR"]
[SourceTitle "playchess.com"]
[Source "ChessBase"]
[SourceQuality "1"]
[TimeControl "5400+30"]

1. e4 c5 2. Nf3 Nc6 3. Nc3 a6 4. d4 cxd4 5. Nxd4 e6 6. Be3 Bb4 7. Nxc6 Bxc3+ 8. bxc3 bxc6 9. Qd4 Nf6 10. Bg5 h6 11. Bh4 g5 12. Bg3 O-O 13. e5 Nd5 14. h4 Kg7 15. c4 Qa5+ 16. Ke2 Qc3 17. Qd3 Kh8 18. Rb1 Qxd3+ 19. Kxd3 Ne7 20. c3 a5 21. Be2 Ba6 22. Ke4 Kg7 23. Rb6 Nd5 24. cxd5 Bxe2 25. dxc6 dxc6 26. Rxc6 Bf1 0-1